 Dungeon Crawl Stone Soup version 0.21-a0-584-g185da8e (webtiles) character file.

8443 vishdafish the Spear-Bearer (level 11, -3/79 HPs)
             Began as a Demonspawn Skald on Dec 21, 2017.
             Was a Priest of Nemelex Xobeh.
             Slain by a wyvern (15 damage)
             ... on level 10 of the Dungeon.
             The game lasted 00:30:15 (12776 turns).

vishdafish the Spear-Bearer (Demonspawn Skald)     Turns: 12776, Time: 00:30:16

Health: -3/79      AC:  9    Str: 12    XL:     11   Next: 10%
Magic:  18/18      EV: 13    Int: 18    God:    Nemelex Xobeh [***...]
Gold:   645        SH:  0    Dex: 16    Spells: 16/19 levels left

rFire    + + .     SeeInvis .   y - +5 spear (freeze)
rCold    + . .     Gourm    .   (no shield)
rNeg     . . .     Faith    .   M - +0 steam dragon scales
rPois    .         Spirit   .   (helmet restricted)
rElec    .         Reflect  .   u - scarf {rC+ rF+}
rCorr    .         Harm     .   (no gloves)
MR       .....                  (no boots)
Stlth    +.........             (no amulet)
HPRegen  0.23/turn              A - +4 ring of dexterity
MPRegen  0.16/turn              l - +3 ring of protection

@: singing (expiring)
A: claws 2, hooves 2, horns 1, fire resistance 1
a: Triple Draw, Renounce Religion


You were on level 10 of the Dungeon.
You worshipped Nemelex Xobeh.
Nemelex Xobeh was most pleased with you.
You were not hungry.

You visited 1 branch of the dungeon, and saw 10 of its levels.
You also visited: Sewer.

You collected 645 gold pieces.

Inventory:

Hand Weapons
 a - a +0 spear
 y - a +5 spear of freezing (weapon)
 J - a +0 trident
 K - a +3 halberd
Armour
 b - a +0 leather armour
 u - a scarf of resistance (worn)
 x - +0 pearl dragon scales
 z - a +0 robe
 H - a +0 cloak
 M - +0 steam dragon scales (worn)
Jewellery
 l - a +3 ring of protection (right claw)
 n - an uncursed ring of flight
 s - an uncursed ring of fire
 A - a +4 ring of dexterity (left claw)
 G - an uncursed ring of protection from fire
Wands
 N - a wand of paralysis (8)
Scrolls
 e - 3 scrolls of immolation
 h - a scroll of fog {unknown}
 i - a scroll of enchant weapon {unknown}
 q - 4 scrolls of remove curse
 r - 2 scrolls of fear {unknown}
 t - 5 scrolls of teleportation
 D - 2 scrolls of amnesia {unknown}
 E - 2 scrolls of magic mapping {unknown}
 I - a scroll of blinking {unknown}
 L - 5 scrolls of identify
 P - a scroll of enchant armour {unknown}
Potions
 f - 4 potions of agility
 g - 2 potions of flight
 j - a potion of berserk rage {unknown}
 k - a potion of mutation {unknown}
 m - 2 potions of lignification {unknown}
 o - 2 potions of brilliance {unknown}
 p - 3 potions of heal wounds {unknown}
 w - 4 potions of haste
 B - a potion of curing
 R - a potion of might
 S - a potion of degeneration {unknown}
Books
 c - a book of Battle

   Spells                             Type                      Level
   a - Infusion                       Charms                       1
   b - Shroud of Golubria             Charms/Translocation         2
   c - Song of Slaying                Charms                       2
   d - Spectral Weapon                Hexes/Charms                 3
   e - Regeneration                   Charms/Necromancy            3
 v - a book of Changes

   Spells                             Type                      Level
   a - Beastly Appendage              Transmutation                1
   b - Sticks to Snakes               Transmutation                2
   c - Spider Form                    Transmutation/Poison         3
   d - Ice Form                       Ice/Transmutation            4
   e - Blade Hands                    Transmutation                5
 F - a book of Necromancy

   Spells                             Type                      Level
   a - Pain                           Necromancy                   1
   b - Animate Skeleton               Necromancy                   1
   c - Vampiric Draining              Necromancy                   3
   d - Regeneration                   Charms/Necromancy            3
   e - Animate Dead                   Necromancy                   4
   f - Control Undead                 Necromancy                   4
Miscellaneous
 C - a plain deck of summoning {drawn: 8}
 O - a plain deck of destruction
Comestibles
 d - 18 rations
 Q - a chunk of flesh


   Skills:
 - Level 5.1 Fighting
 + Level 8.9 Polearms
 - Level 7.7 Armour
 - Level 2.3 Dodging
 - Level 1.0 Stealth
 * Level 4.9 Spellcasting
 - Level 7.4 Charms
 - Level 5.4 Invocations
 - Level 3.0 Evocations


You had 16 spell levels left.
You knew the following spells:

 Your Spells              Type           Power        Failure   Level  Hunger
a - Infusion              Chrm           ####         1%          1    None
b - Song of Slaying       Chrm           ####....     1%          2    #......


Dungeon Overview and Level Annotations

Branches:
Dungeon (10/15)            Temple (0/1) D:6            Lair (0/6) D:8
    Orc: D:9-12

Altars:
Ashenzari
Nemelex Xobeh
Uskayaw
Yredelemnul
Zin

Shops:
D:8 (


Innate Abilities, Weirdness & Mutations

You have very sharp fingernails.
You have hoof-like feet.
You have a pair of small horns on your head.
Your flesh is heat resistant. (rF+)


Message History

Attack whom?
Press: ? - help, Dir - move target cursor, f/p - wyvern
Aim: a wyvern (severely wounded)
You could not reach far enough!
Evoke which item? (* to show all) (? for menu, Esc to quit)
Attack whom?
Press: ? - help, Dir - move target cursor, f/p - wyvern
Aim: a wyvern (severely wounded)
You could not reach far enough!
Your orange demon disappears in a puff of smoke!
Evoke which item? (* to show all) (? for menu, Esc to quit)
Okay, then.
You hit the wyvern but do no damage. Your headbutt misses the wyvern.
The wyvern is severely wounded.
The wyvern misses you.
You barely miss the wyvern. Your kick misses the wyvern.
The wyvern is severely wounded.
The wyvern bites you!
You die...
Your body glows slightly and disappears.

.......## ........#
..# ........## ...#
#........### ...#
###........####
.....
##..........####....
#.................
##............#
#+##...)...l@#
####......# ###....#
##(..# #...# ##.(#
#..# #..# ##†#


You could see a wyvern.

Vanquished Creatures
  2 two-headed ogres
  Joseph (D:9)
  A hornet (D:8)
  A troll (D:9)
  A hippogriff (D:9)
  2 yaks (D:9)
  A steam dragon (D:7)
  A hungry ghost (D:9)
  2 wargs (D:8)
  A phantom (D:4)
  2 sky beasts (D:7)
  4 orc warriors
  2 ice beasts
  5 ogres
  5 centaurs
  2 big kobolds
  5 bullfrogs
  A scorpion (D:10)
  A water moccasin skeleton (D:4)
  A wight (D:7)
  A howler monkey (D:5)
  A bullfrog zombie (D:5)
  7 crimson imps
  A bullfrog skeleton (D:7)
  4 orc priests
  A centaur zombie (D:10)
  5 hounds
  2 jellies
  2 centaur skeletons
  An iguana (D:8)
  Jessica (D:3)
  10 orc wizards
  10 worker ants
  3 hound skeletons
  A worker ant zombie (D:6)
  11 adders
  8 gnolls
  2 shadow imps
  12 oozes
  An adder skeleton (D:5)
  2 worms (D:2)
  A dart slug (D:2)
  13 leopard geckos
  33 orcs
  8 ball pythons
  16 giant cockroaches
  7 goblins
  9 hobgoblins
  3 jackals (D:2)
  14 kobolds
  6 quokkas
  6 bats
  11 frilled lizards
  A leopard gecko zombie (D:6)
  A quokka skeleton (D:8)
  8 rats
264 creatures vanquished.

Vanquished Creatures (collateral kills)
  The ghost of Nattefrost the Carver, a novice MiMo (D:8)
  2 trolls
  A hornet (D:9)
  A wyvern (D:10)
  Sigmund (D:4)
  3 wraiths (D:10)
  A phantom (D:4)
  An ogre (D:5)
  A centaur (D:6)
  10 wights (D:7)
  2 howler monkeys (D:9)
  A crimson imp (D:7)
  An orc wizard (D:6)
  An iguana (D:6)
  A worker ant (D:10)
  An adder (D:7)
  A shadow imp (D:7)
  3 orcs
33 creatures vanquished.

Vanquished Creatures (others)
  A plant (D:8)
1 creature vanquished.

Grand Total: 298 creatures vanquished

Notes
Turn   | Place    | Note
-------+----------+-------------------------------------------
     0 | D:1      | vishdafish the Demonspawn Skald began the quest for the Orb.
     0 | D:1      | Reached XP level 1. HP: 16/16 MP: 3/3
    93 | D:1      | Reached skill level 1 in Armour
   283 | D:1      | Gained mutation: You have a pair of small horns on your head. [demonic ancestry]
   283 | D:1      | Reached XP level 2. HP: 20/22 MP: 0/5
   747 | D:1      | Gained mutation: You have sharp fingernails. [demonic ancestry]
   747 | D:1      | Reached XP level 3. HP: 15/27 MP: 2/6
   954 | D:2      | Reached skill level 2 in Polearms
  1491 | D:2      | Gained mutation: Your flesh is heat resistant. (rF+) [demonic ancestry]
  1491 | D:2      | Reached XP level 4. HP: 22/33 MP: 2/7
  1867 | D:2      | Found a hide-covered altar of Uskayaw.
  2266 | D:3      | Noticed Jessica
  2269 | D:3      | Killed Jessica
  2604 | D:3      | Reached skill level 3 in Polearms
  2604 | D:3      | Reached XP level 5. HP: 11/38 MP: 8/8
  2757 | D:3      | Reached skill level 1 in Stealth
  3072 | D:3      | Found a sparkling altar of Nemelex Xobeh.
  3125 | D:3      | Became a worshipper of Nemelex Xobeh the Trickster
  3277 | D:3      | Received a gift from Nemelex Xobeh
  3570 | D:3      | Reached skill level 1 in Invocations
  3663 | D:4      | Noticed Sigmund
  3670 | D:4      | Killed Sigmund
  3670 | D:4      | Gained mutation: You have very sharp fingernails. [demonic ancestry]
  3670 | D:4      | Reached XP level 6. HP: 32/45 MP: 10/10
  3896 | D:4      | Received a gift from Nemelex Xobeh
  3944 | D:4      | Reached XP level 7. HP: 28/51 MP: 11/11
  4638 | D:4      | Reached skill level 5 in Invocations
  5096 | D:5      | Entered Level 5 of the Dungeon
  5111 | D:5      | Found a shattered altar of Ashenzari.
  5144 | D:5      | Reached skill level 1 in Evocations
  5436 | D:4      | Gained mutation: You have large cloven feet. [demonic ancestry]
  5436 | D:4      | Reached XP level 8. HP: 52/57 MP: 8/12
  5762 | D:5      | Reached skill level 4 in Polearms
  5762 | D:5      | Reached skill level 5 in Armour
  6378 | D:5      | Found a glowing silver altar of Zin.
  6484 | D:5      | Reached * piety under Nemelex Xobeh
  6640 | D:6      | Noticed a two-headed ogre
  6690 | D:6      | Killed a two-headed ogre
  6690 | D:6      | Reached skill level 5 in Polearms
  6837 | D:6      | Found a glowing drain.
  6846 | Sewer    | Entered a sewer
  6935 | Sewer    | Reached XP level 9. HP: 65/65 MP: 7/13
  7794 | D:6      | Reached skill level 6 in Polearms
  8156 | D:6      | Found a staircase to the Ecumenical Temple.
  8208 | D:7      | Reached ** piety under Nemelex Xobeh
  8429 | D:7      | Reached skill level 5 in Fighting
  8444 | D:7      | Reached skill level 7 in Polearms
  8678 | D:7      | Learned a level 2 spell: Song of Slaying
  8747 | D:7      | Found a basalt altar of Yredelemnul.
  9344 | D:8      | Reached XP level 10. HP: 68/74 MP: 14/14
  9552 | D:8      | Found Ygreh's Antique Weapon Emporium.
  9576 | D:8      | Found a staircase to the Lair.
  9735 | D:8      | Reached skill level 5 in Charms
 10191 | D:8      | Noticed Nattefrost's ghost (novice MiMo)
 10207 | D:8      | Killed Nattefrost's ghost
 10717 | D:9      | Reached *** piety under Nemelex Xobeh
 10782 | D:9      | Paralysed by a hornet for 2 turns
 11147 | D:9      | Reached skill level 8 in Polearms
 11211 | D:9      | Received a gift from Nemelex Xobeh
 11654 | D:9      | Noticed a two-headed ogre
 11665 | D:9      | Killed a two-headed ogre
 11965 | D:9      | Noticed Joseph
 11983 | D:9      | Killed Joseph
 12173 | D:10     | Entered Level 10 of the Dungeon
 12588 | D:10     | Gained mutation: You have hoof-like feet. [demonic ancestry]
 12588 | D:10     | Reached XP level 11. HP: 79/79 MP: 17/17
 12760 | D:10     | HP: 3/79 [centaur zombie (4)]
 12776 | D:10     | Slain by a wyvern

Vault maps used:
D:1:      dpeg_arrival_fog, serial_forest, infiniplex_forest_pool,
          infiniplex_forest_clump_curved, infiniplex_forest_clump_long,
          infiniplex_forest_straight_3, infiniplex_forest_clump_double,
          infiniplex_forest_clump_C, infiniplex_forest_straight_2,
          infiniplex_forest_clump_tiny, serial_park_tiny_1
D:2:      eat_drink_and_be_merry_uskayaw, kennysheep_another_room
D:3:      nemelex_altar_shiori, uniq_jessica
D:4:      uniq_sigmund
D:5:      old_standard_altar, kennysheep_mini_moat, first_ration,
          serial_bayou_pond_e
D:6:      minmay_temple_entry_junction_2, portal_sewer_entry_d
D:7:      lemuel_doored_altar
D:8:      erik_lair_orcish_takeover, serial_shops, kennysheep_mini
D:9:      dk_noncrumbling_2, uniq_joseph
D:10:     minmay_quarter_circles, basic_altar, serial_shops, nicolae_shop_stone,
          uniq_josephine
Sewer:    sewer_frog_island_02

Skill      XL: |  1  2  3  4  5  6  7  8  9 10 |
---------------+-------------------------------+-----
Dodging        | 2 |  2.3
Armour         | 1 2 4 6 7 |  7.7
Charms         | 3 4 7 |  7.4
Polearms       | 2 3 5 7 8 |  8.9
Stealth        | 1 |  1.0
Invocations    | 3 4 5 |  5.4
Spellcasting   | 3 4 |  4.9
Evocations     | 2 3 |  3.0
Fighting       | 3 5 |  5.1

Action                   |  1- 3 |  4- 6 |  7- 9 | 10-12 || total
-------------------------+-------+-------+-------+-------++-------
Melee: Spear             |   143 |   177 |   657 |   258 ||  1235
       Headbutt          |    21 |    15 |   112 |    37 ||   185
       Kick              |       |       |   132 |    64 ||   196
       Trident           |       |       |    78 |       ||    78
 Cast: Infusion          |     8 |    11 |    23 |     6 ||    48
       Song of Slaying   |       |       |       |     4 ||     4
Evoke: Wand              |       |     7 |     4 |     4 ||    15
       Deck              |       |     2 |    11 |     7 ||    20
  Use: Scroll            |       |       |     8 |       ||     8
       Potion            |       |       |       |     2 ||     2
 Stab: Sleeping          |     2 |     3 |     1 |     1 ||     7
       Paralysed         |       |       |       |     2 ||     2
       Distracted        |       |       |       |     2 ||     2
  Eat: Chunk             |     2 |     5 |    16 |     7 ||    30
       Ration            |       |     1 |     1 |     1 ||     3
Armor: Leather armour    |    17 |    12 |       |       ||    29
       Pearl dragon scal |       |    37 |   341 |       ||   378
       Steam dragon scal |       |       |     5 |    71 ||    76
Dodge: Dodged            |    66 |    81 |   268 |   150 ||   565

Table legend:
 A = Spawn XP
 B = Non-spawn XP
 C = Spawn XP percentage of total XP
 D = Spawn monster count
 E = Non-spawn monster count
 F = Spawn count percentage of total count
 G = Total turns spent on level
                    A         B        C        D         E        F      G
               +---------+---------+-------+---------+---------+-------+---------
         Total |       0 |   12062 |   0.0 |       0 |     297 |   0.0 | 12776
               +---------+---------+-------+---------+---------+-------+---------
           D:1 |       0 |      51 |   0.0 |       0 |      21 |   0.0 |   953
           D:2 |       0 |      72 |   0.0 |       0 |      27 |   0.0 |  1270
           D:3 |       0 |     173 |   0.0 |       0 |      22 |   0.0 |  1429
           D:4 |       0 |    1072 |   0.0 |       0 |      26 |   0.0 |  1988
           D:5 |       0 |     784 |   0.0 |       0 |      22 |   0.0 |  1083
           D:6 |       0 |    1191 |   0.0 |       0 |      26 |   0.0 |   984
           D:7 |       0 |    1719 |   0.0 |       0 |      35 |   0.0 |  1040
           D:8 |       0 |    1812 |   0.0 |       0 |      24 |   0.0 |  1416
           D:9 |       0 |    3702 |   0.0 |       0 |      32 |   0.0 |  1860
          D:10 |       0 |    1217 |   0.0 |       0 |      14 |   0.0 |   253
         Sewer |       0 |     269 |   0.0 |       0 |      48 |   0.0 |   500
               +---------+---------+-------+---------+---------+-------+---------
